 Dungeon Crawl Stone Soup version bcrawl-1.40.2 (webtiles) character file.

Game seed: 14854341193025374324

165803 MisterOstroum the Sneak (level 4, 0/34 HPs)
             Began as a Spriggan Sloth Apostle on Nov 14, 2023.
             Was an Initiate of Cheibriados.
             Succumbed to an adder's poison
             ... on level 2 of the Dungeon.
             The game lasted 00:04:54 (1420 turns).

MisterOstroum the Sneak (Spriggan Sloth Apostle)    Turns: 1420, Time: 00:04:55

Health: 0/34       AC: 22    Str:  9    XL:     4   Next: 46%
Magic:  6/7        EV:  1    Int: 14    God:    Cheibriados [......]
Gold:   87         SH:  0    Dex: 17    Spells: 4/5 levels left

rFire    . . .     GDR:     47% a - +0 short sword
rCold    . . .     SeeInvis +   (shield restricted)
rNeg     + + +     Gourm    .   (armour currently unavailable)
rPois    +         Faith    .   (helmet currently unavailable)
rElec    .         Spirit   .   (cloak currently unavailable)
rCorr    .         Reflect  .   (gloves unavailable)
MR       .....     NoTele   +   (boots unavailable)
Stlth    +++.......             (no amulet)
HPRegen  0.15/turn              (no ring)
MPRegen  0.10/turn              (no ring)

@: lethally poisoned (0 -> -4), tree-form, very slow
A: giant, unfitting armour, see invisible, herbivore, slow metabolism 2
a: Bend Time, Renounce Religion


You were on level 2 of the Dungeon.
You worshipped Cheibriados.
Cheibriados was noncommittal.
You were not hungry.
You were a tree.
You visited 1 branch of the dungeon, and saw 2 of its levels.

You collected 87 gold pieces.

Inventory:

Hand Weapons
 a - a +0 short sword (weapon)
 b - a +0 hunting sling
 m - a +0 dagger
 p - a +0 blowgun
Missiles
 f - 529 stones (quivered)
 g - 223 arrows
 k - 161 sling bullets
 q - 41 poisoned needles
 r - 130 bolts
 s - 2 throwing nets {=f!f}
Armour
 c - a +0 buckler
 n - a +0 robe (melded)
Wands
 d - a wand of paralysis (10)
Scrolls
 j - a scroll of revelation {unknown}
 o - a scroll of teleportation {unknown}
Potions
 h - a potion of degeneration {unknown}
 i - a potion of lignification {@q6}
 l - a potion of ambrosia {unknown}
Comestibles
 e - 3 rations {!d}


   Skills:
 - Level 2.1 Fighting
 - Level 4.0 Short Blades
 * Level 0.8(1.1) Slings
 - Level 1.3(1.5) Throwing
 - Level 2.2 Dodging
 - Level 5.0 Stealth
 - Level 1.3 Shields
 - Level 1.3 Spellcasting
 - Level 2.5 Hexes
 - Level 1.4 Evocations


You had 4 spell levels left.
You knew the following spells:

 Your Spells              Type           Power        Failure   Level  Hunger
a - Slow                  Hex            #.......     9%          1    None
Your spell library was empty.

Dungeon Overview and Level Annotations

Branches:
Dungeon (2/12)

Altars:


Innate Abilities, Weirdness & Mutations

You are very small and have problems with some larger weapons.
You are too small for most types of armour.
You have supernaturally acute eyesight. (SInv)
You are a herbivore.
((You cover ground extremely quickly.))
You need to consume almost no food.


Message History

The jackal is lightly wounded.
The jackal completely misses you.
You hit the jackal.
The jackal is moderately wounded.
The jackal bites you but does no damage.
You puncture the jackal!
You kill the jackal!
Cheibriados appreciates the change of pace.
No target in view!
No target in view!
No target in view!
You see here a jackal corpse.
e - 3 rations {!d} (gained 1)
Things that are here:
a +0 club; a goblin corpse
r - 130 bolts
Found a stone staircase leading up.
Found a stone staircase leading down.
s - 2 throwing nets {=f!f} An adder comes into view.
An adder is nearby!
Wield which item (- for none, * to show all)? (? for menu, Esc to quit)
b - a +0 hunting sling (weapon)
Firing (i - inventory. (/) - cycle)
f - 530 stones (quivered)
Press: ? - help, Shift-Dir - straight line, f - adder
Aim: an adder (resting)
You shoot a stone. The stone hits the adder.
The adder is lightly wounded.
The adder completely misses you.
Wield which item (- for none, * to show all)? (? for menu, Esc to quit)
a - a +0 short sword (weapon)
You hit the adder.
The adder is moderately wounded.
The adder completely misses you. The adder misses you.
You closely miss the adder.
The adder is moderately wounded.
The adder closely misses you.
You hit the adder.
The adder is almost dead.
The adder bites you.
You closely miss the adder.
The adder is almost dead.
The adder completely misses you.
You miss the adder.
The adder is almost dead.
The adder completely misses you.
You closely miss the adder.
The adder is almost dead.
The adder closely misses you.
You barely miss the adder.
The adder is almost dead.
The adder barely misses you. The adder bites you.
You are poisoned.
The adder poisons you!
You hit the adder but do no damage.
The adder is almost dead.
You feel sick. The adder barely misses you.
You are too injured to fight recklessly!
You miss the adder.
The adder is almost dead.
The adder bites you.
You are more poisoned.
The adder poisons you! The flow of time bends around you.
Cheibriados rebukes the adder.
The adder seems to slow down.
You feel sick. The adder bites you.
You hit the adder.
The adder is almost dead.
You feel sick. The adder bites you.
* * * LOW HITPOINT WARNING * * *
You are more poisoned.
The adder poisons you!
You closely miss the adder.
The adder is almost dead.
* * * LOW HITPOINT WARNING * * *
You feel sick.
It was a potion of lignification.
You turn into a tree.
Your +0 robe melds into your body.
Your roots penetrate the ground.
* * * LOW HITPOINT WARNING * * *
You feel sick. The adder bites you but does no damage.
Wield which item (- for none, * to show all)? (? for menu, Esc to quit)
Okay, then.
You hit the adder.
You kill the adder!
Cheibriados appreciates the change of pace.
* * * LOW HITPOINT WARNING * * *
You feel sick.
You cannot move.
There is a lethal amount of poison in your body!
* * * LOW HITPOINT WARNING * * *
You feel sick.
* * * LOW HITPOINT WARNING * * *
You feel sick.
* * * LOW HITPOINT WARNING * * *
You feel sick.
* * * LOW HITPOINT WARNING * * *
You feel sick.
* * * LOW HITPOINT WARNING * * *
You feel sick.
You die...

#.#.....P#
#.#.# ###
#.#......# ...#
#.P...PP.# #..#
..##.###P# #).#
##. .. ....
###..###### #
#. #.##
#.........# ##
......#..####.#
#.####..#
#.#######
#..♣....#
#.#......
######.##
#.....### #.#
###<..... #..
...>.### ####
####.## ###


There were no monsters in sight!

Vanquished Creatures
  A howler monkey (D:2)
  An adder (D:2)
  2 oozes (D:2)
  A dart slug (D:1)
  A giant cockroach (D:2)
  4 goblins
  2 hobgoblins (D:1)
  6 jackals (D:2)
  7 kobolds
  3 ball pythons
  10 bats
  2 frilled lizards
  2 rats
42 creatures vanquished.

Notes
Turn   | Place    | Note
-------+----------+-------------------------------------------
     0 | D:1      | MisterOstroum the Spriggan Sloth Apostle began the quest
                  | for the Orb.
     0 | D:1      | Reached XP level 1. HP: 10/10 MP: 3/3
   125 | D:1      | Reached XP level 2. HP: 9/15 MP: 5/5
   801 | D:2      | Noticed a howler monkey
   819 | D:2      | Killed a howler monkey
   820 | D:2      | Reached skill level 1 in Dodging
   820 | D:2      | Reached XP level 3. HP: 10/18 MP: 4/6
   847 | D:2      | Reached skill level 5 in Stealth
   942 | D:2      | Found a faded altar of an unknown god.
   974 | D:2      | Reached XP level 4. HP: 22/23 MP: 7/7
   983 | D:2      | Reached skill level 1 in Throwing
  1417 | D:2      | HP: 1/34 [poisoned by an adder]
  1420 | D:2      | Succumbed to an adder's poison

Skill      XL: |  1  2  3  4 |
---------------+-------------+-----
Fighting       | 2 |  2.1
Short Blades   | 4 |  4.0
Dodging        | 2 |  2.2
Stealth        | 5 |  5.0
Throwing       | 1 |  1.3
Slings         | |  0.8
Shields        | |  1.3
Spellcasting   | |  1.3
Hexes          | |  2.5
Evocations     | |  1.4

Action                   |  1- 3 |  4- 6 || total
-------------------------+-------+-------++-------
Melee: Short sword       |    82 |    35 ||   117
 Fire: Hunting sling     |       |     6 ||     6
Throw: Stone             |    63 |     7 ||    70
 Cast: Slow              |     2 |       ||     2
Invok: Bend Time         |       |     1 ||     1
  Use: Potion            |       |     1 ||     1
 Stab: Sleeping          |     4 |     1 ||     5
  Eat: Ration            |       |     1 ||     1
Armor: Robe              |    11 |     4 ||    15
       Skin              |       |     1 ||     1
Dodge: Dodged            |    78 |    45 ||   123
Block: Buckler           |     5 |       ||     5
